 Dungeon Crawl Stone Soup version 0.31-a0-1424-g2add1c7226 (webtiles) character file.

Game seed: 12672890040139118099

144 thriggle the Trooper (level 5, -2/42 HPs)
             Began as a Mummy Monk on Dec 26, 2023.
             Was an Initiate of Ashenzari.
             Slain by an orc
             ... wielding a +0 club
              (4 damage)
             ... on level 4 of the Dungeon.
             The game lasted 00:12:08 (2581 turns).

thriggle the Trooper (Mummy Monk)                   Turns: 2581, Time: 00:12:08

Health: -2/42      AC:  4    Str: 14    XL:     5   Next: 5%
Magic:  8/8        EV: 10    Int: 11    God:    Ashenzari [......]
Gold:   855        SH:  8    Dex: 15    Spells: 8/9 levels left

rFire   x . .        a - +0 spear
rCold   + . .        k - +0 kite shield
rNeg    + + +        m - +0 leather armour
rPois   ∞            (no helmet)
rElec   .            (no cloak)
rCorr   .            (no gloves)
SInv    .            i - +0 pair of boots of the Oracular Paranoia {Self, Comp} (curse)
Will    .....        (no amulet)
Stlth   ++           (no ring)
HPRegen 0.27/turn    (no ring)
MPRegen 0.11/turn

%: faith
@: no status effects
A: cold resistance 1, negative energy resistance 3, torment resistance 2, heat
vulnerability 1, in touch with death 1, no potions, faith
a: Renounce Religion, Curse Item, Shatter the Chains


You were on level 4 of the Dungeon.
You worshipped Ashenzari.
Ashenzari was noncommittal.
You visited 1 branch of the dungeon, and saw 4 of its levels.

You collected 855 gold pieces.

Inventory:

Hand Weapons
 a - a +0 spear (weapon)
Missiles
 e - 40 stones
 f - a throwing net
 l - 3 atropa-tipped darts
Armour
 b - a +0 robe
 c - an orb of light
 h - the +7 plate armour "Digylof" {Fly rF+ Will- Str+2}
   (You found it on level 3 of the Dungeon)

   Str+2:     It affects your strength (+2).
   rF+:       It protects you from fire.
   Will-:     It decreases your willpower.
   Fly:       It grants you flight.
 i - the cursed +0 pair of boots of the Oracular Paranoia (worn) {Self, Comp}
   (You found it on level 2 of the Dungeon)

   It has a curse which improves the following skills: Introspection: Fighting
   and Spellcasting.
   Companions: Summonings and Necromancy.
 k - a +0 kite shield (worn)
 m - a +0 leather armour (worn)
Scrolls
 d - a scroll of vulnerability
 g - a scroll of identify
 j - a scroll of butterflies


   Skills:
 + Level 3.5(3.9) Fighting
 + Level 2.9 Polearms
 + Level 0.5 Armour
 + Level 2.8 Dodging
 + Level 1.3 Stealth
 + Level 0.4 Shields
 + Level 2.2(2.6) Spellcasting
 + Level 0.6 Conjurations
 + Level 0.4 Fire Magic


You had 8 spell levels left.
You knew the following spells:

 Your Spells              Type           Power      Damage    Failure   Level
a - Foxfire               Conj/Fire      8%         2x1d4     73%         1

Your spell library contained the following spells:

 Spells                   Type           Power      Damage    Failure   Level
 Plasma Beam              Fire/Air       0%         2x1d10    100%        6
 Starburst                Conj/Fire      1%         6d3       100%        6


Dungeon Overview and Level Annotations

Branches:
Dungeon (4/15)
 Temple: D:4-7

Altars:
Ashenzari


Innate Abilities, Weirdness & Mutations

You are immune to poison.
Your flesh is cold resistant. (rC+)
You are immune to negative energy. (rN+++)
You are immune to unholy pain and torment.
You are vulnerable to heat. (rF-)
You are in touch with the powers of death.
You do not drink.
You have a special connection with the divine. (Faith)


Message History

You kill the orc!
The orc hits you with a +1 hand axe of electrocution.
You are electrocuted!
The orc hits you with a +0 club.
You block the orc's attack. x2; The orc barely misses you.
You hit the orc but do no damage.
The orc is severely wounded.
The orc hits you with a +0 hand axe.
* * * LOW HITPOINT WARNING * * *
You block the orc's attack. The orc closely misses you.
You hit the orc.
You kill the orc!
You block the orc's attack. The orc hits you with a +0 club.
* * * LOW HITPOINT WARNING * * *
You hit the orc but do no damage. The orc barely misses you.
The orc hits you but does no damage.
You hit the orc but do no damage. You block the orc's attack.
The orc hits you with a +0 club.
* * * LOW HITPOINT WARNING * * *
You hit the orc.
The orc is almost dead.
The orc hits you with a +0 club.
* * * LOW HITPOINT WARNING * * *
The orc closely misses you. The orc hits you but does no damage. x2
You barely miss the orc.
The orc is almost dead.
You block the orc's attack. The orc hits you but does no damage.
You hit the orc.
You kill the orc!
You block the orc's attack.
You hit the orc.
The orc is heavily wounded.
The orc hits you with a +0 club.
* * * LOW HITPOINT WARNING * * *
You hit the orc but do no damage.
The orc is heavily wounded.
You block the orc's attack.
You hit the orc but do no damage.
The orc is heavily wounded.
The orc hits you with a +0 club.
You die...

.... ##..## ...##
##....## #..##
##......#
#..###........
##.............
##..............
###...............
#.##o..........#.....
#..)@.#####....#.....
#..)### ##.......<.
......# ##.........
.....# #..####....
....# ##.## ##...
.... ##.## #..# ...
#.## ##..# ## ##.#
#..## #.## #.##


You could see an orc.

Vanquished Creatures
  A scorpion (D:4)
  An adder (D:4)
  A worm (D:2)
  3 dart slugs
  6 orcs
  4 ball pythons
  4 bats
  8 endoplasms
  2 giant cockroaches
  6 goblins
  6 hobgoblins
  A jackal (D:4)
  A quokka (D:1)
  3 frilled lizards
  11 kobolds
  2 rats
60 creatures vanquished.

Vanquished Creatures (others)
  An endoplasm (D:4)
  A giant cockroach (D:4)
  5 foxfires
7 creatures vanquished.

Grand Total: 67 creatures vanquished

Notes
Turn   | Place    | Note
-------+----------+-------------------------------------------
     0 | D:1      | thriggle the Mummy Monk began the quest for the Orb.
     0 | D:1      | Reached XP level 1. HP: 18/18 MP: 1/1
   325 | D:1      | Reached XP level 2. HP: 23/24 MP: 1/3
   426 | D:1      | Reached skill level 1 in Spellcasting
   977 | D:2      | Reached XP level 3. HP: 29/29 MP: 4/4
  1033 | D:2      | Found a faded altar of an unknown god.
  1042 | D:2      | Prayed at the altar of an unknown god.
  1042 | D:2      | Became a worshipper of Ashenzari the Shackled
  1128 | D:2      | Identified a scroll of acquirement
  1128 | D:2      | Acquired 789 gold pieces
  1132 | D:2      | Learned a level 1 spell: Foxfire
  1133 | D:2      | Found a broken altar of Ashenzari.
  1299 | D:2      | Reached skill level 1 in Stealth
  1574 | D:3      | Identified the +7 plate armour "Digylof" {Fly rF+ Will-
                  | Str+2}
  2178 | D:4      | Noticed a scorpion
  2193 | D:4      | Killed a scorpion
  2194 | D:4      | Reached XP level 4. HP: 13/37 MP: 5/7
  2303 | D:4      | Noticed a black bear
  2565 | D:4      | Reached XP level 5. HP: 37/42 MP: 8/8
  2576 | D:4      | HP: 2/42 [orc/+0 club (4)]
  2581 | D:4      | Slain by an orc

Illustrated notes

Levels and vault maps discovered:
D:1:      elethiomel_arrival_shortcut, layout_loops_ring,
          minmay_tree_intersection
D:2:      layout_rooms, basic_altar, shapermc_ecumenical_altar_pompeii
D:3:      layout_loops_ring
D:4:      layout_layer_cave, xom_confusion_cloud, ebering_ghost_sewer_d

Skill      XL: |  1  2  3 |
---------------+----------+-----
Spellcasting   | 1 2 |  2.2
Stealth        | 1 |  1.3
Fighting       | |  3.5
Polearms       | |  2.9
Armour         | |  0.5
Dodging        | |  2.8
Shields        | |  0.4
Conjurations   | |  0.6
Fire Magic     | |  0.4

Action                     |  1- 3 |  4- 6 || total
---------------------------+-------+-------++-------
  Melee: Spear             |   171 |    70 ||   241
  Throw: Stone             |       |     1 ||     1
   Cast: Foxfire           |     2 |     1 ||     3
 Invoke: Curse Item        |     1 |       ||     1
    Use: Scroll            |     6 |     1 ||     7
   Stab: Sleeping          |     1 |       ||     1
 Armour: Robe              |    51 |       ||    51
         Leather armour    |    11 |    38 ||    49
  Dodge: Dodged            |    71 |    43 ||   114
  Block: Kite shield       |       |    21 ||    21

Table legend: (Time is in decaauts)
 A = Elapsed time spent in this place.
 B = Non-inter-level travel time spent in this place.
 C = Inter-level travel time spent in this place.
 D = Time resting spent in this place.
 E = Time spent auto-exploring this place.
 F = Levels seen in this place.
 G = Mean time per level.
                   A        B        C        D        E       F      G
               +--------+--------+--------+--------+--------+-----+--------+
         Total |   2577 |   2373 |    204 |    156 |   1468 |   4 |  644.2 |
       Dungeon |   2577 |   2373 |    204 |    156 |   1468 |   4 |  644.2 |
               +--------+--------+--------+--------+--------+-----+--------+

Top non-repeatable levels by time:
     D:3: 911 daAuts
     D:1: 891 daAuts
     D:2: 488 daAuts
     D:4: 286 daAuts
